 Dungeon Crawl Stone Soup version 0.29.1-12-g30fa7ad0bf (webtiles) character file.

Game seed: 16204396961001802575

1688 Pepete the Covered (level 9, 0/68 HPs)
             Began as a Formicid Fighter on Dec 24, 2022.
             Was a Follower of the Shining One.
             Succumbed to a killer bee's poison
             ... on level 7 of the Dungeon.
             The game lasted 00:14:40 (10968 turns).

Pepete the Covered (Formicid Fighter)              Turns: 10968, Time: 00:14:41

Health: 0/68       AC: 13    Str: 26    XL:     9   Next: 22%
Magic:  9/9        EV:  7    Int:  9    God:    the Shining One [*.....]
Gold:   171        SH:  6    Dex: 13    Spells: 8/8 levels left

rFire   x . .      SeeInvis +   a - +2 war axe (freeze)
rCold   + . .      Faith    .   c - +1 buckler
rNeg    . . .      Spirit   .   l - +0 plate armour
rPois   .          Reflect  .   (helmet unavailable)
rElec   .          Harm     .   (no cloak)
rCorr   .          Rampage  .   (no gloves)
Will    .....      Clarity  +   (no boots)
Stlth   ..........              (no amulet)
HPRegen 0.21/turn               m - +2 ring of strength
MPRegen 0.11/turn               u - ring of ice

@: lethally poisoned (0 -> -2), glowing
A: permanent stasis, dig shafts and tunnels, antennae 3, four strong arms,
talons 1, clarity, screaming 1
a: Dig, Shaft Self, Renounce Religion, Divine Shield


You were on level 7 of the Dungeon.
You worshipped the Shining One.
The Shining One was aware of your devotion.
You visited 2 branches of the dungeon, and saw 8 of its levels.

You collected 207 gold pieces.
You spent 36 gold pieces at shops.

Inventory:

Hand Weapons
 a - a +2 war axe of freezing (weapon)
 d - a +0 giant spiked club
 f - a +6 hand axe of electrocution
Missiles
 j - a throwing net
Armour
 b - a +0 scale mail
 c - a +1 buckler (worn)
 l - a +0 plate armour (worn)
Jewellery
 m - a +2 ring of strength (left hand)
 u - a ring of ice (right hand)
Scrolls
 g - 2 scrolls of noise
 h - a scroll of butterflies
 q - a scroll of fear
 s - a scroll of identify
Potions
 e - 2 potions of brilliance


   Skills:
 * Level 5.2 Fighting
 * Level 7.3 Axes
 * Level 7.4 Armour
 + Level 1.4 Dodging
 + Level 2.1 Stealth
 * Level 6.6 Shields


You had 8 spell levels left.
You didn't know any spells.
Your spell library was empty.

Dungeon Overview and Level Annotations

Branches:
Dungeon (7/15)             Temple (1/1) D:6

Altars:
Ashenzari
Cheibriados
Dithmenos
Elyvilon
Fedhas
Hepliaklqana
Kikubaaqudgha
Makhleb
Nemelex Xobeh
Okawaru
Trog
Uskayaw
Vehumet
Wu Jian
Xom
Zin
The Shining One

Shops:
D:2 =


Innate Abilities, Weirdness & Mutations

You cannot be hasted, slowed, berserked, paralysed or teleported.
You can dig through walls and to a lower floor.
You have a pair of large antennae on your head. (SInv)
Your four strong arms can wield two-handed weapons with a shield.
You have sharp toenails.
You possess an exceptional clarity of mind.
You occasionally shout uncontrollably at your foes.


Message History

The killer bee stings you but does no damage.
The killer bee completely misses you.
You barely miss the killer bee.
The killer bee is severely wounded.
You feel very sick. The killer bee stings you.
* * * LOW HITPOINT WARNING * * *
The killer bee stings you.
* * * LOW HITPOINT WARNING * * *
The killer bee stings you but does no damage.
You feel better. The killer bee barely misses you. x2
You barely miss the killer bee.
The killer bee is severely wounded.
The killer bee stings you.
* * * LOW HITPOINT WARNING * * *
You are poisoned.
The killer bee poisons you! The killer bee stings you.
* * * LOW HITPOINT WARNING * * *
Okay, then.
You hit the killer bee but do no damage.
The killer bee is severely wounded.
* * * LOW HITPOINT WARNING * * *
You feel very sick. The killer bee barely misses you.
You block the killer bee's attack.
You slash the killer bee! You freeze the killer bee.
You kill the killer bee!
* * * LOW HITPOINT WARNING * * *
You feel sick.
* * * LOW HITPOINT WARNING * * *
You feel sick.
* * * LOW HITPOINT WARNING * * *
You feel sick.
It was a potion of mutation.
You feel extremely strange.
Your thoughts seem clearer.
You feel the urge to shout.
Your toenails lengthen and sharpen.
* * * LOW HITPOINT WARNING * * *
You feel sick.
Okay, then.
Okay, then.
You die...

... #..# .# #..## ...
#.. . ...#
#.###.####...#
#..##.#....#.# #
#.#####...#........#.#
#........####.##...#.#
#.#####.@..........#.#
#..##.#..>.....####
#..##.#.#..........
#..##)#.....(######
#..##)#.....#.รท....
#..##.#.#.#....#...
#.###.#.#.#.#..#.##
{#.# #.#.#.#.#..#.#.
#.#...#.#..#.#.


There were no monsters in sight!

Vanquished Creatures
  2 water moccasins
  A sky beast (D:6)
  2 black bears
  2 ogres
  A kobold brigand (D:7)
  3 phantoms
  3 scorpions
  3 killer bees (D:7)
  3 hounds
  A jelly (D:5)
  2 iguanas
  3 orc wizards (D:3)
  4 gnolls (D:4)
  6 adders
  A shadow imp (D:6)
  An ufetubus (D:5)
  3 dart slugs (D:4)
  10 orcs
  2 bats
  10 endoplasms
  3 giant cockroaches
  7 goblins
  8 hobgoblins
  6 jackals
  2 quokkas
  8 ball pythons
  4 frilled lizards
  5 kobolds
  11 rats
117 creatures vanquished.

Notes
Turn   | Place    | Note
-------+----------+-------------------------------------------
     0 | D:1      | Pepete the Formicid Fighter began the quest for the Orb.
     0 | D:1      | Reached XP level 1. HP: 18/18 MP: 1/1
   167 | D:1      | Reached XP level 2. HP: 15/24 MP: 2/2
  1021 | D:1      | Reached XP level 3. HP: 29/29 MP: 3/3
  2402 | D:2      | Reached XP level 4. HP: 27/36 MP: 4/4
  2851 | D:2      | Found Nazam's One-of-a-Kind Rings.
  2860 | D:2      | Bought a +2 ring of strength for 36 gold pieces
  2866 | D:2      | Identified a scroll of acquirement
  2956 | D:2      | Acquired a +6 hand axe of electrocution
  3264 | D:2      | Found a faded altar of an unknown god.
  4055 | D:3      | Reached XP level 5. HP: 37/42 MP: 5/5
  4600 | D:3      | Found a blossoming altar of Fedhas.
  5115 | D:3      | Reached XP level 6. HP: 33/48 MP: 6/6
  5656 | D:4      | Noticed a black bear
  5673 | D:3      | Killed a black bear
  5674 | D:3      | Reached skill level 1 in Stealth
  5916 | D:4      | Found a hazy altar of Hepliaklqana.
  6002 | D:4      | Reached skill level 5 in Axes
  6002 | D:4      | Reached skill level 1 in Dodging
  6002 | D:4      | Reached skill level 5 in Shields
  6002 | D:4      | Reached XP level 7. HP: 50/54 MP: 7/7
  6118 | D:4      | Identified the +5 short sword of Ladgh {freeze, rElec rC+
                  | Int+4}
  6119 | D:4      | Found a shadowy altar of Dithmenos.
  6605 | D:4      | Found a white marble altar of Elyvilon.
  6651 | D:4      | Found an ornate altar of the Wu Jian Council.
  6692 | D:5      | Entered Level 5 of the Dungeon
  6793 | D:5      | Reached skill level 5 in Armour
  6976 | D:5      | Found a hide-covered altar of Uskayaw.
  7028 | D:5      | Reached XP level 8. HP: 10/61 MP: 8/8
  9647 | D:6      | Reached skill level 5 in Fighting
  9917 | D:6      | Found a staircase to the Ecumenical Temple.
  9939 | Temple   | Entered the Ecumenical Temple
 10113 | D:2      | Prayed at the altar of an unknown god.
 10113 | D:2      | Became a worshipper of the Shining One
 10113 | D:2      | Reached * piety under the Shining One
 10335 | D:7      | Reached XP level 9. HP: 39/68 MP: 9/9
 10965 | D:7      | HP: 3/68 [poisoned by a killer bee]
 10967 | D:7      | Gained mutation: You possess an exceptional clarity of
                  | mind. [potion of mutation]
 10967 | D:7      | Gained mutation: You occasionally shout uncontrollably at
                  | your foes. [potion of mutation]
 10967 | D:7      | Gained mutation: You have sharp toenails. [potion of
                  | mutation]
 10967 | D:7      | HP: 1/68 [poisoned by a killer bee]
 10968 | D:7      | Succumbed to a killer bee's poison

Illustrated notes

Levels and vault maps discovered:
D:1:      dpeg_arrival_shrine, layout_loops_corners, minmay_indecisive_spiral
D:2:      layout_basic, basic_ecumenical_altar, nicolae_shop_unique_rings
D:3:      layout_loops_cross, fedhas_altar_3
D:4:      layout_rooms, nicolae_wu_jian_immortal_techniques,
          grunt_dithmenos_smoke_and_mirrors, nicolae_overflow_hidden_temple,
          mainiacjoe_overflow_concentric_impassable
D:5:      layout_layer_cave, mainiacjoe_overflow_brackets
D:6:      layout_loops_corners, lemuel_round_altar, temple_fountains
D:7:      layout_basic, mainiacjoe_overflow_six_doors_small, enter_bailey_5,
          roderic_lattice_a
Temple:   nicolae_temple_ecumenical_triangle

Skill      XL: |  1  2  3  4  5  6  7  8  9 |
---------------+----------------------------+-----
Axes           | 3 4 5 7 |  7.3
Armour         | 4 5 6 7 |  7.4
Fighting       | 4 5 |  5.2
Stealth        | 1 2 |  2.1
Dodging        | 1 |  1.4
Shields        | 5 6 |  6.6

Action                   |  1- 3 |  4- 6 |  7- 9 || total
-------------------------+-------+-------+-------++-------
Melee: War axe           |    89 |     9 |   107 ||   205
       Hand axe          |       |    80 |    32 ||   112
 Abil: Dig               |       |       |     2 ||     2
  Use: Scroll            |       |     5 |     7 ||    12
       Potion            |       |     5 |     8 ||    13
Armor: Scale mail        |    36 |    38 |    28 ||   102
       Skin              |       |     1 |       ||     1
       Plate armour      |       |       |    17 ||    17
Dodge: Dodged            |    43 |    44 |    78 ||   165
Block: Buckler           |    22 |    32 |    38 ||    92
